 Dungeon Crawl Stone Soup version 0.28-a0-87-g9a7839dea9 (webtiles) character file.

Game seed: 991386715956493767

2168 pokeman the Thaumaturge (level 9, 0/48 HPs)
             Began as a Deep Elf Hedge Wizard on Aug 6, 2021.
             Slain by a hellwing (1 damage)
             ... on level 7 of the Dungeon.
             The game lasted 00:18:08 (9535 turns).

pokeman the Thaumaturge (Deep Elf Hedge Wizard)     Turns: 9535, Time: 00:18:09

Health: 0/48       AC:  4    Str:  2    XL:     9   Next: 10%
Magic:  18/25      EV: 11    Int: 23    God:
Gold:   405        SH:  0    Dex: 14    Spells: 18/29 levels left

rFire   . . .      SeeInvis .   v - +7 falchion of Bodily Harmony {vorpal, *Corrode +Rage rC+++ Str-5}
rCold   + + +      Faith    .   (no shield)
rNeg    . . .      Spirit   .   h - +0 leather armour
rPois   .          Reflect  .   c - +0 hat
rElec   .          Harm     .   (no cloak)
rCorr   .          Rampage  .   (no gloves)
Will    .....                   B - +0 pair of boots
Stlth   ++........              (no amulet)
HPRegen 0.16/turn               (no ring)
MPRegen 0.19/turn               (no ring)

@: no status effects
A: no striking features
a: Evoke Berserk Rage


You were on level 7 of the Dungeon.
You visited 1 branch of the dungeon, and saw 7 of its levels.

You collected 405 gold pieces.

Inventory:

Hand Weapons
 n - a +1 flail of venom
 v - the +7 falchion of Bodily Harmony (weapon) {vorpal, *Corrode +Rage rC+++ Str-5}
   (You found it on level 4 of the Dungeon)

   It inflicts extra damage upon your enemies.
   Str:       It affects your strength (-5).
   rC:        It renders you almost immune to cold.
   +Rage:     It lets you go berserk.
   *Corrode:  It may corrode you when you take damage.
 y - a +1 whip of electrocution
 C - a +0 shortbow
Missiles
 a - 57 arrows
 D - 27 bolts
Armour
 c - a +0 hat (worn)
 h - a +0 leather armour (worn)
 B - a +0 pair of boots (worn)
Jewellery
 F - a ring of ice
Wands
 q - a wand of charming (7)
Scrolls
 d - 3 scrolls of identify {unknown}
 e - a scroll of immolation {unknown}
 f - 3 scrolls of enchant armour {unknown}
 i - a scroll of enchant weapon {unknown}
 j - 2 scrolls of torment {unknown}
 k - 4 scrolls of teleportation {unknown}
 m - a scroll of acquirement {unknown}
 r - 2 scrolls of fog {unknown}
 w - a scroll of magic mapping {unknown}
 A - 2 scrolls of amnesia {unknown}
Potions
 b - 4 potions of curing {unknown}
 g - 2 potions of heal wounds {unknown}
 l - a potion of haste {unknown}
 o - 2 potions of might {unknown}
 p - 2 potions of brilliance {unknown}
 s - a potion of berserk rage {unknown}
 t - a potion of cancellation {unknown}
 u - a potion of mutation {unknown}
 x - 3 potions of flight {unknown}
 z - a potion of attraction {unknown}
 E - 2 potions of invisibility {unknown}


   Skills:
 + Level 2.1 Fighting
 - Level 3.0 Armour
 - Level 3.0 Dodging
 - Level 3.0 Stealth
 * Level 10.6 Spellcasting
 + Level 5.8 Conjurations
 - Level 1.1 Summonings
 - Level 1.1 Translocations
 + Level 4.5 Fire Magic
 - Level 1.1 Air Magic
 - Level 1.2 Poison Magic
 - Level 3.0 Evocations


You had 18 spell levels left.
You knew the following spells:

 Your Spells              Type           Power      Damage    Failure   Level
a - Magic Dart            Conj           100%       1d8       1%          1
b - Mephitic Cloud        Conj/Pois/Air  24%        N/A       11%         3
c - Call Imp              Summ           17%        N/A       11%         2
d - Blink                 Tloc           N/A        N/A       11%         2
e - Conjure Flame         Conj/Fire      36%        6-21      4%          3

Your spell library contained the following spells:

 Spells                   Type           Power      Damage    Failure   Level
 Sting                    Tmut/Pois      60%        1d6       9%          1
 Poisonous Vapours        Pois/Air       34%        N/A       11%         2
 Slow                     Hex            12%        N/A       17%         2
 Gell's Gravitas          Tloc           8%         N/A       22%         3
 Teleport Other           Tloc           17%        N/A       22%         3
 Frozen Ramparts          Ice            24%        1d4       34%         3
 Olgreb's Toxic Radiance  Pois           17%        N/A       56%         4
 Summon Ice Beast         Ice/Summ       14%        N/A       65%         4
 Ice Form                 Ice/Tmut       12%        N/A       75%         4
 Dispersal                Tloc           8%         N/A       100%        6


Dungeon Overview and Level Annotations

Branches:
Dungeon (7/15)
 Temple: D:4-7

Altars:


Message History

You hit the hellwing.
The hellwing is moderately wounded.
The hellwing is engulfed in blazing flames.
The hellwing barely misses you.
You riposte.
You closely miss the hellwing.
The hellwing is heavily wounded.
The hellwing hits you.
Unknown command.
Unknown command.
You closely miss the hellwing.
The hellwing is heavily wounded.
The hellwing hits you! The hellwing closely misses you.
The hellwing is engulfed in blazing flames.
The hellwing hits you.
* * * LOW HITPOINT WARNING * * *
The hellwing closely misses you.
Unknown command.
You barely miss the hellwing.
The hellwing is heavily wounded.
The hellwing is engulfed in blazing flames.
The hellwing hits you.
* * * LOW HITPOINT WARNING * * *
The hellwing barely misses you.
Unknown command.
Unknown command.
You hit the hellwing but do no damage.
The hellwing is severely wounded.
The hellwing hits you!
* * * LOW HITPOINT WARNING * * *
The hellwing closely misses you.
Unknown command.
Unknown command.
You barely miss the hellwing.
The hellwing is severely wounded.
The hellwing is engulfed in blazing flames.
The hellwing closely misses you.
You riposte.
You closely miss the hellwing.
The hellwing is almost dead.
The hellwing hits you but does no damage.
The hellwing is engulfed in blazing flames.
The hellwing closely misses you. The hellwing hits you.
You die...

.. 8.. .5. #.# ...# ##. ...
###...##... ... #####...$......
# #.. ##<@4°.# #......#.## #.
#.# ##..##### #....#.....
##.##.#####..########..........
#.......#...###................
#.........### ###..............
#.......### #...............
#####.### #.##.#.#........
#...# ###.##............ #.###
#...####.#........


You could see a hellwing.

Vanquished Creatures
  Pikel (D:5)
  3 steam dragons (D:6)
  Menkaure (D:5)
  2 water moccasins (D:6)
  An ice beast (D:5)
  A sky beast (D:5)
  A black bear (D:5)
  2 ogres
  A centaur (D:6)
  3 lemures (D:5)
  Blork the orc (D:5)
  2 bullfrogs (D:7)
  A scorpion (D:6)
  A bullfrog skeleton (D:5)
  A centaur skeleton (D:7)
  2 iguanas (D:5)
  Ijyb (D:3)
  Natasha (twice) (D:2)
  A killer bee zombie (D:6)
  A hound zombie (D:5)
  4 gnolls (D:2)
  3 adders
  A shadow imp (D:7)
  A white imp (D:4)
  2 ufetubi
  3 worms
  A dart slug (D:2)
  12 orcs
  5 ball pythons
  5 bats
  6 endoplasms
  2 giant cockroaches
  5 goblins
  3 hobgoblins
  18 jackals
  3 quokkas
  4 frilled lizards
  5 kobolds
  3 rats
115 creatures vanquished.

Vanquished Creatures (collateral kills)
  An iguana (D:3)
  A hobgoblin (D:3)
2 creatures vanquished.

Vanquished Creatures (others)
  A withered plant (D:7)
1 creature vanquished.

Grand Total: 118 creatures vanquished

Notes
Turn   | Place    | Note
-------+----------+-------------------------------------------
     0 | D:1      | pokeman the Deep Elf Hedge Wizard began the quest for the
                  | Orb.
     0 | D:1      | Reached XP level 1. HP: 10/10 MP: 7/7
   461 | D:1      | Reached XP level 2. HP: 14/15 MP: 1/9
   861 | D:1      | You fall into a shaft and drop 1 floor!
   949 | D:1      | Found a faded altar of an unknown god.
  1218 | D:1      | Reached skill level 5 in Spellcasting
  1714 | D:2      | Reached XP level 3. HP: 14/20 MP: 5/11
  1718 | D:2      | Learned a level 3 spell: Mephitic Cloud
  1721 | D:2      | Learned a level 2 spell: Call Imp
  1724 | D:2      | Learned a level 2 spell: Blink
  1728 | D:2      | Learned a level 3 spell: Conjure Flame
  2142 | D:2      | Reached skill level 1 in Fighting
  2195 | D:2      | Reached skill level 1 in Armour
  2267 | D:2      | You fall into a shaft and drop 2 floors!
  3119 | D:2      | Reached XP level 4. HP: 21/25 MP: 4/13
  3137 | D:2      | Reached skill level 1 in Fire Magic
  3292 | D:2      | Noticed Natasha
  3311 | D:2      | Killed Natasha
  3397 | D:2      | Reached skill level 6 in Spellcasting
  3572 | D:2      | Noticed Natasha
  3577 | D:2      | Killed Natasha
  3578 | D:2      | Reached XP level 5. HP: 24/29 MP: 11/15
  3940 | D:3      | Noticed Ijyb
  3950 | D:3      | Killed Ijyb
  3951 | D:3      | Reached skill level 1 in Air Magic
  4358 | D:3      | HP: 1/29 [iguana (4)]
  4366 | D:3      | HP: 1/29 [bat (1)]
  5848 | D:4      | Identified the +7 falchion of Bodily Harmony {vorpal,
                  | *Corrode +Rage rC+++ Str-5}
  6277 | D:5      | Entered Level 5 of the Dungeon
  6313 | D:5      | Noticed Blork the orc
  6317 | D:5      | Killed Blork the orc
  6318 | D:5      | Reached skill level 1 in Poison Magic
  6318 | D:5      | Reached XP level 6. HP: 34/34 MP: 13/17
  6369 | D:5      | Noticed Menkaure
  6375 | D:5      | Killed Menkaure
  6376 | D:5      | Reached skill level 7 in Spellcasting
  6376 | D:5      | Reached skill level 1 in Evocations
  6659 | D:5      | Reached XP level 7. HP: 38/38 MP: 12/20
  6900 | D:5      | Reached skill level 8 in Spellcasting
  7190 | D:5      | Noticed Pikel
  7226 | D:5      | Killed Pikel
  7227 | D:5      | Reached skill level 9 in Spellcasting
  7227 | D:5      | Reached XP level 8. HP: 6/44 MP: 7/23
  8040 | D:6      | Reached skill level 5 in Conjurations
  8173 | D:6      | Reached skill level 10 in Spellcasting
  9372 | D:7      | Reached XP level 9. HP: 48/48 MP: 19/25
  9521 | D:7      | Noticed a hellwing
  9534 | D:7      | HP: 1/48 [hellwing (13)]
  9535 | D:7      | Slain by a hellwing

Illustrated notes

Levels and vault maps discovered:
D:1:      ebering_trefoil_3fold, layout_loops_ring,
          dreamdust_ecumenical_altar_statues
D:2:      layout_loops_corners, kennysheep_generic_room_5, uniq_natasha
D:3:      layout_loops_ring, supply_closet_lemuel, kennysheep_cross_room,
          minmay_misc_feat_tower, kennysheep_crisscross, uniq_ijyb
D:4:      layout_cave_pods
D:5:      layout_gridville, uniq_blork_the_orc, uniq_pikel, uniq_menkaure
D:6:      cheibrodos_steamvent, layout_cave_pods
D:7:      cheibrodos_grave_circle, layout_rooms, minmay_temple_entry_tees

Skill      XL: |  1  2  3  4  5  6  7  8  9 |
---------------+----------------------------+-----
Spellcasting   | 5 6 7 9 10 | 10.6
Fighting       | 1 2 |  2.1
Armour         | 1 2 3 |  3.0
Conjurations   | 2 3 4 5 |  5.8
Fire Magic     | 1 3 4 |  4.5
Dodging        | 3 |  3.0
Air Magic      | 1 |  1.1
Stealth        | 3 |  3.0
Poison Magic   | 1 |  1.2
Evocations     | 1 2 3 |  3.0
Summonings     | |  1.1
Translocations | |  1.1

Action                   |  1- 3 |  4- 6 |  7- 9 || total
-------------------------+-------+-------+-------++-------
Melee: Dagger            |    41 |       |       ||    41
       Mace              |    11 |     1 |       ||    12
       War axe           |     6 |       |       ||     6
       Flail             |       |    11 |       ||    11
       Falchion          |       |     7 |    28 ||    35
 Cast: Magic Dart        |   118 |   111 |    89 ||   318
       Mephitic Cloud    |     4 |     8 |     9 ||    21
       Conjure Flame     |     1 |     1 |    13 ||    15
       Blink             |       |     3 |     1 ||     4
       Call Imp          |       |     2 |       ||     2
 Stab: Confused          |     2 |     2 |     4 ||     8
Armor: Robe              |    11 |       |       ||    11
       Leather armour    |     3 |     4 |     6 ||    13
Dodge: Dodged            |    73 |    23 |    34 ||   130
       Rpst.: Falchion   |       |     2 |     8 ||    10

Table legend: (Time is in decaauts)
 A = Elapsed time spent in this place.
 B = Non-inter-level travel time spent in this place.
 C = Inter-level travel time spent in this place.
 D = Time resting spent in this place.
 E = Time spent auto-exploring this place.
 F = Levels seen in this place.
 G = Mean time per level.
                   A        B        C        D        E       F      G
               +--------+--------+--------+--------+--------+-----+--------+
         Total |   9558 |   9361 |    197 |    799 |   7496 |   7 | 1365.4 |
       Dungeon |   9558 |   9361 |    197 |    799 |   7496 |   7 | 1365.4 |
               +--------+--------+--------+--------+--------+-----+--------+

Top non-repeatable levels by time:
     D:2: 2046 daAuts
     D:1: 1666 daAuts
     D:5: 1633 daAuts
     D:6: 1430 daAuts
     D:3: 1388 daAuts
     D:4: 1189 daAuts
     D:7: 204 daAuts
